 Dungeon Crawl Stone Soup version 0.21.1-1-g345015fe64 (webtiles) character file.

186 Gargoyl the Skirmisher (level 5, -2/45 HPs)
             Began as a Centaur Abyssal Knight on June 23, 2018.
             Was a Believer of Lugonu.
             Killed by nerve-wracking pain
             ... invoked by Grinder
              (14 damage)
             ... on level 3 of the Dungeon.
             The game lasted 00:05:28 (2747 turns).

Gargoyl the Skirmisher (Centaur Abyssal Knight)     Turns: 2747, Time: 00:05:28

Health: -2/45      AC: 12    Str: 15    XL:     5   Next: 38%
Magic:  7/7        EV:  9    Int: 13    God:    Lugonu [**....]
Gold:   157        SH:  3    Dex: 14    Spells: 4/4 levels left

rFire    . . .     SeeInvis .   a - +1 hand axe
rCold    . . .     Gourm    .   d - +0 buckler
rNeg     . . .     Faith    .   k - +0 chain mail
rPois    .         Spirit   .   b - +2 helmet
rElec    .         Reflect  .   i - +0 cloak
rCorr    .         Harm     .   (no gloves)
MR       .....                  (no barding)
Stlth    ..........             (no amulet)
HPRegen  0.15/turn              (no ring)
MPRegen  0.10/turn              (no ring)

@: agile, very quick
A: large, hooves 3, clever 1, deformed body, speed 2, tough skin 3, wild magic 1
a: Depart the Abyss, Bend Space, Renounce Religion


You were on level 3 of the Dungeon.
You worshipped Lugonu.
Lugonu was pleased with you.
You were not hungry.

You visited 1 branch of the dungeon, and saw 3 of its levels.
You visited the Abyss 1 time.

You collected 157 gold pieces.

Inventory:

Hand Weapons
 a - a +1 hand axe (weapon)
Armour
 b - a +2 helmet (worn)
 d - a +0 buckler (worn)
 i - a +0 cloak (worn)
 k - a +0 chain mail (worn)
Scrolls
 f - 3 scrolls of identify
 j - a scroll of teleportation {unknown}
 o - a scroll of enchant weapon {unknown}
 q - a scroll of fear {unknown}
Potions
 p - a potion of curing
Books
 e - a book of the Warp

   Spells                             Type                      Level
   a - Gell's Gravitas                Translocation                3
   b - Portal Projectile              Hexes/Translocation          3
   c - Force Lance                    Conjuration/Translocation    4
   d - Dispersal                      Translocation                6
   e - Controlled Blink               Translocation                8
   f - Disjunction                    Translocation                8
Comestibles
 c - 5 rations


   Skills:
 + Level 3.6 Fighting
 + Level 3.0 Axes
 * Level 2.5 Armour
 + Level 1.0 Dodging
 + Level 0.4 Shields
 * Level 3.1 Invocations


You had 4 spell levels left.
You didn't know any spells.

Dungeon Overview and Level Annotations

Branches:
Dungeon (3/15)

Altars:

Annotations:
D:3 Grinder


Innate Abilities, Weirdness & Mutations

You have hooves in place of feet.
Armour fits poorly on your strangely shaped body.
You cover ground very quickly.
You have extremely tough skin. (AC +3)
Your mind is acute. (Int +2)
Your spells are a little harder to cast, but a little more powerful.


Message History

You hit Grinder. You kick Grinder.
Grinder is heavily wounded.
Grinder says, "Tell me all your secrets, or I'll kill you."
Grinder hits you but does no damage.
You hit Grinder.
Grinder is heavily wounded.
Grinder gestures at you. Pain shoots through your body!
* * * LOW HITPOINT WARNING * * *
It was a potion of mutation.
You feel extremely strange.
You feel less in control of your magic.
You feel clever. Grinder barely misses you.
It was a potion of heal wounds.
You feel much better. Grinder gestures at you. Pain shoots through your body!
* * * LOW HITPOINT WARNING * * *
Unknown command.
Grinder gestures at you. Pain shoots through your body!
You die...

###+###†.......##8.###8.#
#.# #........##### ####
#.###........#
#.##.........#
#.....(......#
######..........#
###...............#
#.....#...........#
#.....#...<@.5....#
#.....#..>........#
#.....#........##.#
#.<....)..........#
#.....#........##.#######
#.....#........##.÷#....#
#.....#........##..)#
##################.........
#.........


You could see Grinder.

Vanquished Creatures
  An orc wizard (D:2)
  Robin (D:2)
  4 adders
  An ooze (D:1)
  A worm (D:2)
  A dart slug (D:1)
  A leopard gecko (D:3)
  3 orcs
  A ball python (D:3)
  5 giant cockroaches
  16 goblins
  6 hobgoblins
  2 jackals (D:3)
  2 quokkas
  11 bats
  5 frilled lizards
  5 kobolds
  6 rats
72 creatures vanquished.

Vanquished Creatures (others)
  An orc wizard (D:2)
1 creature vanquished.

Grand Total: 73 creatures vanquished

Notes
Turn   | Place    | Note
-------+----------+-------------------------------------------
     0 | Abyss:1  | Gargoyl the Centaur Abyssal Knight began the quest for the Orb.
     0 | Abyss:1  | Reached XP level 1. HP: 19/19 MP: 2/2
    78 | Abyss:2  | Found a corrupted altar of Lugonu.
    86 | Abyss:2  | Noticed a spatial vortex
    87 | Abyss:2  | Noticed a spatial maelstrom
    91 | Abyss:2  | Noticed a neqoxec
    95 | Abyss:2  | Noticed a spatial vortex
    96 | D:1      | Escaped the Abyss
   286 | D:1      | Reached * piety under Lugonu
   286 | D:1      | Reached XP level 2. HP: 26/26 MP: 3/3
   837 | D:2      | Noticed Robin
   839 | D:2      | Reached XP level 3. HP: 26/31 MP: 4/4
   853 | D:2      | Killed Robin
   856 | D:2      | Reached ** piety under Lugonu
  1167 | D:2      | Reached XP level 4. HP: 18/38 MP: 5/5
  1184 | D:2      | Reached skill level 1 in Dodging
  1871 | D:3      | Reached XP level 5. HP: 45/45 MP: 7/7
  2402 | D:3      | Noticed Grinder
  2410 | D:3      | Paralysed by Grinder for 6 turns
  2713 | D:3      | Paralysed by Grinder for 2 turns
  2724 | D:3      | Paralysed by Grinder for 6 turns
  2734 | D:3      | Paralysed by Grinder for 5 turns
  2745 | D:3      | Gained mutation: Your spells are a little harder to cast, but a little more powerful. [potion of mutation]
  2745 | D:3      | Gained mutation: Your mind is acute. (Int +2) [potion of mutation]
  2747 | D:3      | Killed from afar by Grinder

Skill      XL: |  1  2  3  4  5 |
---------------+----------------+-----
Axes           | 2 3 |  3.0
Armour         | 2 |  2.5
Dodging        | 1 |  1.0
Invocations    | 3 |  3.1
Fighting       | |  3.6
Shields        | |  0.4

Action                   |  1- 3 |  4- 6 || total
-------------------------+-------+-------++-------
Melee: Hand axe          |    83 |   120 ||   203
       Kick              |    11 |    23 ||    34
Invok: Depart the Abyss  |     1 |       ||     1
  Use: Scroll            |     6 |       ||     6
       Potion            |     2 |     5 ||     7
  Eat: Ration            |       |     2 ||     2
Armor: Leather armour    |    25 |       ||    25
       Ring mail         |    19 |     9 ||    28
       Skin              |    11 |     4 ||    15
       Chain mail        |       |   119 ||   119
Dodge: Dodged            |    49 |    35 ||    84
Block: Buckler           |    14 |    29 ||    43
